 Dungeon Crawl Stone Soup version 0.19.5 (webtiles) character file.

94 straycat the Charmwright (level 4, -1/33 HPs)
             Began as a Vampire Skald on May 17, 2017.
             Slain by an adder (3 damage)
             ... on level 3 of the Dungeon.
             The game lasted 00:21:24 (4131 turns).

straycat the Charmwright (Vampire Skald)            Turns: 4131, Time: 00:21:25

Health: -1/33      AC:  0    Str: 11    XL:     4   Next: 38%
Magic:  1/7        EV: 19    Int: 14    God:
Gold:   110        SH:  0    Dex: 19    Spells: 3 memorised, 1 level left

rFire  . . .     SeeInvis +       - Unarmed
rCold  . . .     Gourm    .     (armour currently unavailable)
rNeg   + . .     Faith    .     (shield currently unavailable)
rPois  .         Spirit   .     (helmet currently unavailable)
rElec  .         Reflect  .     (cloak currently unavailable)
rCorr  .         Harm     .     (gloves currently unavailable)
MR     .....                    (boots currently unavailable)
Stlth  ++++......               (no amulet)
                                (ring currently unavailable)
                                (ring currently unavailable)

@: lethally poisoned (-1 -> -6), bat-form, infused, flying, very quick
A: fangs 3, see invisible, (unbreathing)
a: End Transformation


You were on level 3 of the Dungeon.
You were not thirsty.
You were in vampire-bat-form.
You visited 1 branch of the dungeon, and saw 3 of its levels.

You collected 110 gold pieces.

Inventory:

Hand Weapons
 d - a +0 dagger
 e - a cursed -3 hand axe
 l - a +0 club
 p - a +0 war axe
Missiles
 g - 25 bolts
 j - 10 arrows
 q - 16 stones (quivered)
Armour
 a - a +1 leather armour (melded)
 f - a +0 robe
 i - a +1 ring mail of cold resistance
 r - a +0 ring mail
Scrolls
 h - 3 scrolls of identify {unknown}
 k - a scroll of enchant armour
 t - a scroll of random uselessness {unknown}
Potions
 c - 6 potions of blood
 o - 3 potions of cancellation
 s - a potion of heal wounds {unknown}
Books
 b - a book of Battle

   Spells                             Type                      Level
   a - Infusion                       Charms                       1
   b - Shroud of Golubria             Charms/Translocation         2
   c - Song of Slaying                Charms                       2
   d - Spectral Weapon                Hexes/Charms                 3
   e - Regeneration                   Charms/Necromancy            3
Comestibles
 m - a beef jerky
 n - a meat ration


   Skills:
 * Level 2.2 Fighting
 + Level 0.1 Throwing
 + Level 1.2 Armour
 * Level 1.4 Dodging
 + Level 1.4 Stealth
 * Level 3.2 Unarmed Combat
 + Level 2.3 Spellcasting
 + Level 4.0 Charms


You had one spell level left.
You knew the following spells:

 Your Spells              Type           Power        Failure   Level  Hunger
a - Infusion              Chrm           ##..         4%          1    #......
b - Spectral Weapon       Hex/Chrm       #.......     30%         3    ###....
c - Shroud of Golubria    Chrm/Tloc      #.........   17%         2    ###....


Dungeon Overview and Level Annotations

Branches:
Dungeon (3/15)

Altars:


Innate Abilities, Weirdness & Mutations

You have razor-sharp teeth.
You have supernaturally acute eyesight. (SInv)
((You can survive without breathing.))


Message History

* * * LOW HITPOINT WARNING * * *
You feel sick. The adder closely misses you. The adder bites you.
* * * LOW HITPOINT WARNING * * *
The hobgoblin completely misses you.
You barely miss the adder.
The adder is heavily wounded.
The adder barely misses you. The adder closely misses you.
You barely miss the adder.
The adder is heavily wounded.
The hobgoblin barely misses you. The adder completely misses you.
The adder misses you.
You hit the adder.
The adder is almost dead.
* * * LOW HITPOINT WARNING * * *
You feel sick. The hobgoblin misses you.
You hit the adder.
You kill the adder!
The adder barely misses you. The adder bites you.
You die...

.# ###.r
.. . .#.#
##.#.#
#.S..#
#bg###
#..# #..#
#..####..#
.........#
#..####<##
#.# #.#
#.#


You could see an adder and a hobgoblin.

Vanquished Creatures
  2 adders
  A worm (D:1)
  A dart slug (D:1)
  3 giant cockroaches
  9 goblins
  6 hobgoblins (D:1)
  17 jackals
  6 bats
  6 frilled lizards
  8 kobolds
  5 rats
  9 plants (D:2)
73 creatures vanquished.

Notes
Turn   | Place    | Note
-------+----------+-------------------------------------------
     0 | D:1      | straycat the Vampire Skald began the quest for the Orb.
     0 | D:1      | Reached XP level 1. HP: 16/16 MP: 3/3
   125 | D:1      | Reached XP level 2. HP: 22/22 MP: 0/5
   574 | D:1      | Reached XP level 3. HP: 14/27 MP: 0/6
   850 | D:1      | Reached skill level 1 in Stealth
  1050 | D:1      | Reached skill level 1 in Armour
  1341 | D:1      | Learned a level 3 spell: Spectral Weapon
  1358 | D:1      | Learned a level 2 spell: Shroud of Golubria
  1621 | D:2      | Reached skill level 4 in Charms
  1951 | D:2      | Reached XP level 4. HP: 33/33 MP: 7/7
  4131 | D:3      | Slain by an adder

Skill      XL: |  1  2  3 |
---------------+----------+-----
Stealth        | 1 |  1.4
Armour         | 1 |  1.2
Charms         | 4 |  4.0
Fighting       | 2 |  2.2
Unarmed Combat | 3 |  3.2
Throwing       | |  0.1
Dodging        | |  1.4
Spellcasting   | |  2.3

Action                   |  1- 3 |  4- 6 || total
-------------------------+-------+-------++-------
Melee: Unarmed           |   245 |   982 ||  1227
       Bite              |    21 |    92 ||   113
       Punch             |     2 |    11 ||    13
Throw: Stone             |    32 |     3 ||    35
 Cast: Infusion          |    14 |     2 ||    16
 Abil: Bat Form          |       |     3 ||     3
       End Transformatio |       |     1 ||     1
  Use: Potion            |     6 |     6 ||    12
       Scroll            |     1 |       ||     1
 Stab: Distracted        |       |     1 ||     1
  Eat: Corpse            |     3 |       ||     3
Armor: Leather armour    |    43 |    43 ||    86
Dodge: Dodged            |    82 |   115 ||   197
